 Dungeon Crawl Stone Soup version 0.29.1-2-gbd0b4ee654 (webtiles) character file.

Game seed: 10527689793459034820

4089 llahlahkje the Fighter (level 10, 0/82 HPs)
             Began as a Demonspawn Fighter on Nov 24, 2022.
             Was an Elder of Trog.
             Slain by a two-headed ogre
             ... wielding a +0 giant club
              (10 damage)
             ... on level 9 of the Dungeon.
             The game lasted 00:33:57 (6739 turns).

llahlahkje the Fighter (Demonspawn Fighter)         Turns: 6739, Time: 00:33:57

Health: 0/82       AC: 24    Str: 21    XL:     10   Next: 5%
Magic:  10/10      EV: 11    Int:  9    God:    Trog [****..]
Gold:   207        SH:  5    Dex: 19    Spells: 9/9 levels left

rFire   . . .      SeeInvis .   a - +3 trident (venom)
rCold   + . .      Faith    .   c - +0 buckler
rNeg    + . .      Spirit   .   n - +2 ring mail "Duofot" {+Inv rC+}
rPois   .          Reflect  .   (helmet restricted)
rElec   .          Harm     .   u - +0 cloak
rCorr   .          Rampage  .   q - +2 pair of gloves
Will    .....                   i - +2 pair of boots {Stlth+}
Stlth   ++++......              g - amulet of the acrobat
HPRegen 0.23/turn               k - +6 ring of dexterity
MPRegen 0.12/turn               o - ring of positive energy

@: about to teleport, sanguine armoured
A: antennae 2, foul stench 2, sanguine armour 2, demonic magic 2
a: Renounce Religion, Evoke Invisibility, Berserk, Trog's Hand, Brothers in Arms


You were on level 9 of the Dungeon.
You worshipped Trog.
Trog was greatly pleased with you.
You visited 2 branches of the dungeon, and saw 10 of its levels.

You collected 424 gold pieces.
You spent 217 gold pieces at shops.

Inventory:

Hand Weapons
 a - a +3 trident of venom (weapon)
 b - a +3 flail of protection
Missiles
 p - 5 poisoned darts (quivered)
 s - 6 curare-tipped darts
Armour
 c - a +0 buckler (worn)
 i - a +2 pair of boots of stealth (worn)
 n - the +2 ring mail "Duofot" (worn) {+Inv rC+}
   (You found it on level 4 of the Dungeon)

   rC:        It protects you from cold.
   +Inv:      It lets you turn invisible.
 q - a +2 pair of gloves (worn)
 u - a +0 cloak (worn)
Jewellery
 g - an amulet of the acrobat (around neck)
 k - a +6 ring of dexterity (left hand)
 o - a ring of positive energy (right hand)
 t - a ring of magical power
 w - a ring of willpower
Wands
 m - a wand of flame (14)
Scrolls
 e - 3 scrolls of teleportation
 r - 2 scrolls of identify
Potions
 d - a potion of might
 f - 2 potions of flight
 h - a potion of resistance
 j - a potion of curing
 l - 2 potions of heal wounds


   Skills:
 + Level 8.4 Fighting
 - Level 3.9 Maces & Flails
 - Level 7.3 Polearms
 - Level 4.3 Armour
 - Level 1.4 Dodging
 + Level 6.4 Stealth
 - Level 3.5 Shields
 - Level 0.5 Evocations


You had 9 spell levels left.
You didn't know any spells.
Your spell library contained the following spells:

 Spells                   Type           Power      Damage    Failure   Level
 Cause Fear               Hex            0%         N/A       100%        4
 Dragon Form              Tmut           0%         N/A       100%        7
 Dragon's Call            Summ           0%         N/A       100%        9


Dungeon Overview and Level Annotations

Branches:
Dungeon (9/15)             Temple (0/1) D:4             Orc (1/2) D:9
   Lair: D:8-11

Altars:
Gozag
Hepliaklqana
Nemelex Xobeh
Ru
Trog
Wu Jian

Shops:
D:8 *

Annotations:
D:9 1 transporter


Innate Abilities, Weirdness & Mutations

You have a pair of antennae on your head.
You sometimes emit foul miasma when damaged in melee.
When seriously injured, your blood forms thick armour. (AC +9)
Spells you cast may paralyse nearby enemies.


Message History

The orc wizard casts a spell.
The orc wizard flickers and vanishes!
Deactivating autopickup; reactivate with Ctrl-A.
You block the two-headed ogre's attack.
The two-headed ogre hits you with a +0 giant club!
You emit a cloud of foul miasma!
You climb upwards.
Welcome back to the Dungeon!
Level annotation: 1 transporter Reactivating autopickup.
There is a staircase to the Orcish Mines, spattered with blood here.
As you read the scroll of teleportation, it crumbles to dust.
You feel strangely unstable. You block the warg's attack.
You block the orc's attack.
The orc warrior hits you but does no damage.
You block the orc's attack. The warg barely misses you.
You hit the orc.
The orc is lightly wounded.
You block the orc's attack. The orc warrior closely misses you.
The orc misses you.
The two-headed ogre barely misses you. x2
The warg bites you.
You hit the orc.
The orc is poisoned.
The orc is severely wounded.
The warg closely misses you. The orc barely misses you.
You block the orc's attack.
The orc warrior hits you with a +0 battleaxe.
* * * LOW HITPOINT WARNING * * *
The two-headed ogre barely misses you. The two-headed ogre misses you.
You hit the orc.
The orc looks as sick as possible!
The orc is almost dead.
You kill the orc!
Trog accepts your kill. The warg bites you but does no damage.
The orc hits you but does no damage.
The orc warrior hits you with a +0 battleaxe!
* * * LOW HITPOINT WARNING * * *
The warg barely misses you.
Okay, then.
The two-headed ogre attacks as you move away!
The two-headed ogre barely misses you.
The two-headed ogre hits you with a +0 giant club!
You die...

.......)....#........#........©#©
.........).#######...#..#......#.
...........#.....#####........8#8
...........8.....#.......########
...........')....#)......########
...........8..⌠..#...............
...........#.....#..........).)..
.........#.#...Oo#...............
.........#.#8._o@#...........####
.........#.#...h)#..........##
...........#.....#.........## {
######.....8..⌠..#........##
#.....'.....#.......##
#.....8.....#......##
#.....#.....#......#
#.....#######......#
####..................# ≈≈ § #


You could see a two-headed ogre, a warg, an orc warrior and an orc.

Vanquished Creatures
  A catoblepas (D:9)
  Grinder (D:6)
  A raiju (D:9)
  A hornet (D:9)
  Edmund (D:5)
  An acid dragon (D:8)
  A water moccasin (D:6)
  An ice beast (D:7)
  2 sky beasts (D:7)
  4 orc warriors
  5 ogres
  A centaur (D:7)
  2 phantoms
  A bullfrog (D:8)
  4 scorpions
  A necrophage (D:4)
  Dowan (D:7)
  A killer bee (D:7)
  2 orc priests (D:9)
  2 hounds
  A jelly (D:4)
  2 iguanas
  3 gnoll boudas
  4 orc wizards
  Natasha (D:3)
  Robin (D:2)
  16 gnolls
  6 adders
  3 shadow imps
  2 white imps (D:6)
  3 ufetubi
  A worm (D:3)
  4 dart slugs
  38 orcs
  4 endoplasms
  A giant cockroach (D:1)
  8 hobgoblins
  8 jackals
  5 kobolds
  A quokka (D:4)
  3 ball pythons
  A ball python simulacrum (D:3)
  A ball python skeleton (D:3)
  2 ball python zombies (D:3)
  6 bats
  A frilled lizard (D:1)
  10 goblins
  A quokka zombie (D:3)
  A spectral jackal (D:3)
172 creatures vanquished.

Vanquished Creatures (others)
  8 plants (D:5)
  22 withered plants (D:3)
30 creatures vanquished.

Grand Total: 202 creatures vanquished

Notes
Turn   | Place    | Note
-------+----------+-------------------------------------------
     0 | D:1      | llahlahkje the Demonspawn Fighter began the quest for the
                  | Orb.
     0 | D:1      | Reached XP level 1. HP: 18/18 MP: 1/1
   220 | D:1      | Gained mutation: When seriously injured, your blood forms
                  | armour. (AC +9) [demonic ancestry]
   220 | D:1      | Reached XP level 2. HP: 23/24 MP: 2/2
   492 | D:2      | Found a faded altar of an unknown god.
   502 | D:2      | Prayed at the altar of an unknown god.
   502 | D:2      | Became a worshipper of Trog the Wrathful
   502 | D:2      | Reached * piety under Trog
   597 | D:2      | Gained mutation: When seriously injured, your blood forms
                  | thick armour. (AC +9) [demonic ancestry]
   597 | D:2      | Reached XP level 3. HP: 29/29 MP: 3/3
   694 | D:2      | Gained mutation: Spells you cast may paralyse adjacent
                  | enemies. [demonic ancestry]
   694 | D:2      | Reached XP level 4. HP: 22/35 MP: 4/4
   825 | D:2      | Noticed Robin
   838 | D:2      | Killed Robin
  1413 | D:3      | Noticed Natasha
  1414 | D:3      | Found the +4 dagger "Morg" {pain, Will+ Int+5}
  1454 | D:3      | Reached ** piety under Trog
  1671 | D:3      | Killed Natasha
  1672 | D:3      | Gained mutation: You may rarely emit foul miasma when
                  | damaged in melee. [demonic ancestry]
  1672 | D:3      | Reached XP level 5. HP: 28/41 MP: 5/5
  1952 | D:4      | Identified the +2 ring mail "Duofot" {+Inv rC+}
  2086 | D:4      | Found a staircase to the Ecumenical Temple.
  2112 | D:4      | Reached skill level 1 in Dodging
  2219 | D:4      | Noticed an ogre
  2233 | D:4      | Killed an ogre
  2234 | D:4      | Gained mutation: Spells you cast may paralyse nearby
                  | enemies. [demonic ancestry]
  2234 | D:4      | Reached XP level 6. HP: 17/48 MP: 6/6
  2525 | D:4      | Reached skill level 4 in Fighting
  2838 | D:4      | Reached skill level 1 in Stealth
  2838 | D:4      | Reached XP level 7. HP: 42/54 MP: 7/7
  3140 | D:5      | Entered Level 5 of the Dungeon
  3611 | D:5      | Noticed Edmund
  3623 | D:5      | Killed Edmund
  3806 | D:5      | Reached skill level 5 in Stealth
  3894 | D:5      | Reached skill level 1 in Maces & Flails
  3898 | D:5      | Gained mutation: You have a pair of small antennae on your
                  | head. [demonic ancestry]
  3898 | D:5      | Reached XP level 8. HP: 47/60 MP: 8/8
  3932 | D:5      | Reached *** piety under Trog
  4556 | D:6      | Found an ornate altar of the Wu Jian Council.
  4558 | D:6      | Found a sparkling altar of Nemelex Xobeh.
  4567 | D:6      | Noticed Grinder
  4575 | D:6      | Paralysed by Grinder for 4 turns
  4587 | D:6      | Paralysed by Grinder for 4 turns
  4619 | D:6      | Paralysed by Grinder for 4 turns
  4632 | D:6      | Killed Grinder
  4633 | D:6      | Reached skill level 5 in Fighting
  4633 | D:6      | Reached skill level 5 in Polearms
  4923 | D:7      | Gained mutation: You sometimes emit foul miasma when
                  | damaged in melee. [demonic ancestry]
  4923 | D:7      | Reached XP level 9. HP: 42/68 MP: 9/9
  5075 | D:7      | Found a sacrificial altar of Ru.
  5096 | D:7      | Found a hazy altar of Hepliaklqana.
  5097 | D:7      | Found an opulent altar of Gozag.
  5220 | D:7      | Noticed Dowan
  5230 | D:7      | Killed Dowan
  5230 | D:7      | Noticed Duvessa
  5231 | D:7      | Noticed Duvessa
  5231 | D:7      | Duvessa changed into Duvessa the centaur
  5247 | D:7      | Killed Duvessa the centaur
  5629 | D:8      | Found Uzogi's Assorted Antiques.
  5637 | D:8      | Bought a scroll of enchant weapon for 217 gold pieces
  6068 | D:9      | Found a transporter.
  6073 | D:9      | Paralysed by a hornet for 3 turns
  6075 | D:9      | Reached skill level 6 in Fighting
  6151 | D:9      | Noticed a troll
  6158 | D:9      | a troll changed into a raiju
  6228 | D:9      | Reached **** piety under Trog
  6280 | D:9      | Found a staircase to the Orcish Mines.
  6304 | D:9      | Reached skill level 7 in Fighting
  6468 | D:9      | Noticed a tengu warrior
  6468 | D:9      | Noticed a catoblepas
  6509 | D:9      | Killed a catoblepas
  6510 | D:9      | Reached skill level 8 in Fighting
  6608 | D:9      | Gained mutation: You have a pair of antennae on your head.
                  | [demonic ancestry]
  6608 | D:9      | Reached XP level 10. HP: 78/80 MP: 10/10
  6724 | Orc:1    | Entered Level 1 of the Orcish Mines
  6724 | Orc:1    | Noticed a two-headed ogre
  6739 | D:9      | Slain by a two-headed ogre

Illustrated notes

Levels and vault maps discovered:
D:1:      dpeg_arrival_rooms_with_view, layout_rooms, chequers_arboretum
D:2:      layout_basic, nicolae_ecumenical_pavilion, uniq_robin
D:3:      layout_loops_ring, dilly_guarded_unrand_morg
D:4:      layout_layer_cave, temple_doors_e
D:5:      layout_basic, serial_bayou_lagoon_a, uniq_edmund
D:6:      layout_basic, mainiacjoe_overflow_catwalk_spiral, uniq_grinder
D:7:      layout_cave_pools, chequers_temple_overflow_statue_of_worship,
          hangedman_ru_absence, uniq_duvessa
D:8:      layout_layer_cave, serial_shops, nicolae_diamond_shop
D:9:      kennysheep_big_flooded_room, layout_irregular_city, david_orc_5,
          nicolae_diode_basic
Orc:1:    layout_caves

Skill      XL: |  1  2  3  4  5  6  7  8  9 |
---------------+----------------------------+-----
Polearms       | 2 3 4 6 7 |  7.3
Armour         | 3 4 |  4.3
Shields        | 3 |  3.5
Dodging        | 1 |  1.4
Fighting       | 4 5 8 |  8.4
Stealth        | 1 5 6 |  6.4
Maces & Flails | 1 3 |  3.9
Evocations     | |  0.5

Action                   |  1- 3 |  4- 6 |  7- 9 | 10-12 || total
-------------------------+-------+-------+-------+-------++-------
Melee: Trident           |    84 |   159 |   367 |    12 ||   622
       Flail             |       |       |    75 |       ||    75
Invok: Berserk           |       |       |     1 |       ||     1
Evoke: Wand              |       |       |     9 |       ||     9
  Use: Scroll            |     3 |    13 |    10 |     1 ||    27
       Potion            |     1 |     3 |     8 |       ||    12
 Stab: Sleeping          |       |     2 |     6 |       ||     8
       Distracted        |       |       |     1 |       ||     1
Armor: Scale mail        |    53 |    37 |       |       ||    90
       Ring mail         |       |    51 |   226 |     4 ||   281
       Skin              |       |     2 |       |       ||     2
Dodge: Dodged            |    42 |    83 |   253 |    15 ||   393
Block: Buckler           |    23 |    49 |   100 |     9 ||   181
